 Dungeon Crawl Stone Soup version 0.28.0-43-g3370ac3207 (webtiles) character file.

Game seed: 8177783756117380318

2462 smarlow the Fighter (level 9, -10/85 HPs)
             Began as a Minotaur Berserker on Mar 2, 2022.
             Was a Priest of Trog.
             Killed from afar by an acid dragon (26 damage)
             ... with a splash of acid
             ... on level 6 of the Dungeon.
             The game lasted 00:06:36 (6583 turns).

smarlow the Fighter (Minotaur Berserker)            Turns: 6583, Time: 00:06:37

Health: -10/85     AC:  2    Str: 27    XL:     9   Next: 26%
Magic:  0/8        EV: 15    Int:  4    God:    Trog [***...]
Gold:   232        SH:  0    Dex: 15    Spells: 8/8 levels left

rFire   . . .      SeeInvis .   a - +0 hand axe
rCold   + . .      Faith    .   (no shield)
rNeg    . . .      Spirit   +   z - +0 troll leather armour
rPois   .          Reflect  .   (helmet restricted)
rElec   .          Harm     .   (no cloak)
rCorr   .          Rampage  .   (no gloves)
Will    .....                   u - +0 pair of boots
Stlth   +.........              y - amulet of guardian spirit
HPRegen 1.04/turn               c - ring of protection from cold
MPRegen 0.11/turn               d - +6 ring of dexterity

@: corroded
A: horns 2, retaliatory headbutt
a: Renounce Religion, Berserk, Trog's Hand


You were on level 6 of the Dungeon.
You worshipped Trog.
Trog was most pleased with you.
You visited 1 branch of the dungeon, and saw 6 of its levels.

You collected 232 gold pieces.

Inventory:

Hand Weapons
 a - a +0 hand axe (weapon)
Armour
 u - a +0 pair of boots (worn)
 z - a +0 troll leather armour (worn)
Jewellery
 c - a ring of protection from cold (left hand)
 d - a +6 ring of dexterity (right hand)
 f - a ring of positive energy
 x - a ring of ice
 y - an amulet of guardian spirit (around neck)
Wands
 p - a wand of flame (24)
Scrolls
 h - 4 scrolls of blinking {unknown}
 i - 2 scrolls of enchant weapon {unknown}
 k - 4 scrolls of identify {unknown}
 n - a scroll of immolation {unknown}
 q - 2 scrolls of enchant armour {unknown}
 v - a scroll of noise {unknown}
 w - a scroll of fog {unknown}
Potions
 e - 4 potions of curing {unknown}
 g - a potion of flight {unknown}
 j - a potion of magic {unknown}
 l - a potion of brilliance {unknown}
 m - 2 potions of mutation {unknown}
 o - a potion of resistance {unknown}
 r - a potion of degeneration {unknown}
 s - 2 potions of haste {unknown}
 t - 2 potions of heal wounds {unknown}


   Skills:
 * Level 10.1 Fighting
 + Level 7.7 Axes
 + Level 7.1 Armour
 + Level 6.5 Dodging


You had 8 spell levels left.
You didn't know any spells.
Your spell library was empty.

Dungeon Overview and Level Annotations

Branches:
Dungeon (6/15)             Temple (0/1) D:5

Altars:

Annotations:
D:3 3 runed translucent doors, jfcaron's ghost, amateur OgAr


Innate Abilities, Weirdness & Mutations

You have a pair of horns on your head.
You reflexively headbutt those who attack you in melee.


Message History

The acid dragon roars!
The acid dragon bites you.
The acid dragon claws you but does no damage.
You hit the acid dragon.
The acid dragon is lightly wounded.
The acid dragon completely misses you. The acid dragon misses you.
You closely miss the acid dragon.
The acid dragon is lightly wounded.
The acid dragon spits acid at you. The splash of acid hits you!
The acid corrodes you!
You hit the acid dragon but do no damage.
You headbutt the acid dragon!
The acid dragon is heavily wounded.
The acid dragon misses you. The acid dragon closely misses you.
You hit the acid dragon.
The acid dragon is heavily wounded.
The acid dragon bites you! The acid dragon closely misses you.
You hit the acid dragon but do no damage.
The acid dragon is heavily wounded.
You closely miss the acid dragon. You headbutt the acid dragon!
The acid dragon is severely wounded.
The acid dragon spits acid at you. The splash of acid hits you!!
You hit the acid dragon but do no damage.
The acid dragon is severely wounded.
The acid dragon bites you. The acid dragon claws you.
You are too injured to fight recklessly!
You are too injured to fight recklessly!
You hit the acid dragon.
You headbutt the acid dragon, but do no damage.
Your punch misses the acid dragon.
The acid dragon is almost dead.
The acid dragon spits acid at you. The splash of acid hits you!!
* * * LOW HITPOINT WARNING * * *
You closely miss the acid dragon.
The acid dragon is almost dead.
The acid dragon spits acid at you. The splash of acid hits you!!
You die...

###.
####...#
###...:.
##......
###.....#
##.......#
#........##
...###.###@#
#..###D#
##..####.#
##.....♣
##..####.#
#..###.# #
#.###.##.#
#....###.##
#..†.##...##


You could see an acid dragon (catching breath).

Vanquished Creatures
  An ugly thing (D:6)
  A troll (D:6)
  Sigmund (D:4)
  3 water moccasins
  A sky beast (D:6)
  3 ogres
  2 phantoms
  2 scorpions (D:5)
  A water moccasin zombie (D:5)
  2 water moccasin skeletons
  A gnoll shaman (D:5)
  A bullfrog skeleton (D:5)
  5 hounds
  An orc priest (D:6)
  A centaur skeleton (D:5)
  2 iguanas
  3 orc wizards
  Terence (D:3)
  5 gnolls (D:5)
  6 adders
  A white imp (D:6)
  An adder skeleton (D:4)
  6 worms
  A dart slug (D:3)
  16 orcs
  4 ball pythons
  3 endoplasms
  4 giant cockroaches
  6 goblins
  4 hobgoblins
  4 jackals (D:4)
  3 quokkas
  7 bats
  2 frilled lizards
  6 kobolds
  3 rats
114 creatures vanquished.

Vanquished Creatures (others)
  4 plants (D:5)
4 creatures vanquished.

Grand Total: 118 creatures vanquished

Notes
Turn   | Place    | Note
-------+----------+-------------------------------------------
     0 | D:1      | smarlow the Minotaur Berserker began the quest for the Orb.
     0 | D:1      | Reached XP level 1. HP: 19/19 MP: 0/0
   231 | D:1      | Found a faded altar of an unknown god.
   246 | D:1      | Reached XP level 2. HP: 27/27 MP: 1/1
   538 | D:2      | Reached skill level 4 in Fighting
   547 | D:2      | Reached XP level 3. HP: 27/33 MP: 2/2
  1479 | D:3      | Reached XP level 4. HP: 21/41 MP: 3/3
  1480 | D:3      | Reached ** piety under Trog
  1925 | D:3      | Noticed Terence
  1937 | D:3      | Killed Terence
  2536 | D:3      | Found a runed translucent gate.
  2536 | D:3      | Found a runed translucent gate.
  2537 | D:3      | Found a runed translucent gate.
  2540 | D:3      | Noticed jfcaron's ghost (amateur OgAr)
  2695 | D:4      | Noticed Sigmund
  2701 | D:4      | Killed Sigmund
  2702 | D:4      | Reached skill level 5 in Fighting
  2702 | D:4      | Reached XP level 5. HP: 50/50 MP: 4/4
  2702 | D:4      | Reached XP level 6. HP: 57/57 MP: 5/5
  2908 | D:4      | Reached skill level 5 in Axes
  3201 | D:4      | Reached skill level 6 in Fighting
  3990 | D:5      | Entered Level 5 of the Dungeon
  4184 | D:5      | Reached XP level 7. HP: 51/64 MP: 6/6
  4315 | D:5      | Reached skill level 7 in Fighting
  4315 | D:5      | Reached skill level 5 in Armour
  4729 | D:5      | Reached skill level 5 in Dodging
  4791 | D:5      | Reached XP level 8. HP: 57/74 MP: 7/7
  4815 | D:5      | Reached *** piety under Trog
  5046 | D:5      | Found a staircase to the Ecumenical Temple.
  5099 | D:5      | Reached skill level 8 in Fighting
  5972 | D:6      | Noticed a troll
  5983 | D:6      | Killed a troll
  5984 | D:6      | Reached skill level 9 in Fighting
  6328 | D:6      | Reached XP level 9. HP: 68/84 MP: 6/8
  6492 | D:6      | Noticed a red ugly thing
  6507 | D:6      | Killed a red ugly thing
  6508 | D:6      | Reached skill level 10 in Fighting
  6583 | D:6      | Killed from afar by an acid dragon

Illustrated notes

Levels and vault maps discovered:
D:1:      beargit_arrival_greenhouse, layout_basic,
          nicolae_ecumenical_snake_handling, minmay_misc_feat_doors,
          chequers_arboretum
D:2:      layout_loops_ring, serial_aquarium, aquarium_bridge_island_small
          [aquarium_subvault_small_open, aquarium_subvault_wall,
          aquarium_subvault_bridge, aquarium_subvault_bridge,
          aquarium_subvault_bridge], aquarium_window_corner,
          aquarium_window_double, aquarium_window_corridor_2,
          aquarium_window_corner, aquarium_view_2a
D:3:      layout_loops_ring, gammafunk_ghost_necromancy, uniq_terence
D:4:      layout_basic, uniq_sigmund
D:5:      layout_cave_pools, minmay_temple_entry_waves, serial_bayou_ford_a
D:6:      layout_cave_pods, kb_rosetta, uniq_grinder

Skill      XL: |  1  2  3  4  5  6  7  8  9 |
---------------+----------------------------+-----
Fighting       | 4 5 6 7 9 10 | 10.1
Axes           | 4 5 6 7 |  7.7
Armour         | 3 4 5 6 7 |  7.1
Dodging        | 3 4 5 6 |  6.5

Action                   |  1- 3 |  4- 6 |  7- 9 || total
-------------------------+-------+-------+-------++-------
Melee: Hand axe          |    50 |   116 |   147 ||   313
       Headbutt          |     9 |    26 |    37 ||    72
       Punch             |     1 |     4 |     2 ||     7
Invok: Berserk           |       |     2 |     4 ||     6
       Trog's Hand       |       |       |     2 ||     2
 Stab: Sleeping          |     1 |     4 |     1 ||     6
Armor: Animal skin       |     7 |    13 |    15 ||    35
       Troll leather arm |       |       |    12 ||    12
Dodge: Dodged            |    34 |    43 |    93 ||   170
